 Dungeon Crawl Stone Soup version 0.24-a0-446-g87df7205b4 (webtiles) character file.

Game seed: 18415814568553595886

133 drasked the Ruffian (level 4, -2/45 HPs)
             Began as a Troll Monk on June 23, 2019.
             Slain by Crazy Yiuf
             ... wielding a +3 quarterstaff of chaos
              (9 damage)
             ... on level 3 of the Dungeon.
             The game lasted 00:03:47 (1601 turns).

drasked the Ruffian (Troll Monk)                    Turns: 1601, Time: 00:03:47

Health: -2/45      AC:  7    Str: 19    XL:     4   Next: 94%
Magic:  3/3        EV: 10    Int:  7    God:
Gold:   114        SH:  0    Dex: 12    Spells: 3/3 levels left

rFire    x . .     SeeInvis .     - Unarmed
rCold    + . .     Gourm    +   (no shield)
rNeg     . . .     Faith    .   k - +1 robe
rPois    .         Spirit   .   (helmet restricted)
rElec    .         Reflect  .   (no cloak)
rCorr    .         Harm     .   (gloves unavailable)
MR       .....                  (boots unavailable)
Stlth    +.........             (no amulet)
HPRegen  0.55/turn              c - ring of ice {rC+, rF-}
MPRegen  0.08/turn              (no ring)

@: lethally poisoned (-2 -> -3), lightly drained
A: large, unfitting armour, claws 3, fast metabolism 3, gourmand, regeneration
1, shaggy fur 1, tough skin 3
a: no special abilities


You were on level 3 of the Dungeon.
You were very full.

You visited 1 branch of the dungeon, and saw 3 of its levels.

You collected 114 gold pieces.

Inventory:

Armour
 k - a +1 robe (worn)
   (You found it on level 1 of the Dungeon)
Jewellery
 c - a ring of ice (left claw) {rC+, rF-}
   (You found it on level 1 of the Dungeon)
Scrolls
 f - a scroll of random uselessness {unknown}
 h - 4 scrolls of identify
 i - a scroll of amnesia {unknown}
 m - 2 scrolls of remove curse
 n - a scroll of teleportation
Potions
 a - a potion of ambrosia {unknown}
 d - a potion of haste {unknown}
 e - 2 potions of agility
 g - 2 potions of curing {unknown}
 j - a potion of invisibility {unknown}
 l - 3 potions of heal wounds {unknown}
 o - a potion of mutation {unknown}
 p - a potion of brilliance {unknown}
Comestibles
 b - 7 rations


   Skills:
 + Level 3.3(2.9) Fighting
 - Level 2.4(2.0) Dodging
 - Level 1.0(0.6) Stealth
 * Level 5.0(4.6) Unarmed Combat


You had 3 spell levels left.
You didn't know any spells.
Your spell library was empty.

Dungeon Overview and Level Annotations

Branches:
Dungeon (3/15)

Altars:

Annotations:
D:3 Crazy Yiuf


Innate Abilities, Weirdness & Mutations

You are too large for most types of armour.
You have claws for hands.
Your metabolism is lightning-fast.
You like to eat raw meat.
Your natural rate of healing is unusually fast.
You are covered in fur. (AC +1)
You have extremely tough skin. (AC +3)


Message History

A hobgoblin is nearby!
A hobgoblin is nearby!
A hobgoblin is nearby!
The hobgoblin shouts!
A quokka zombie comes into view.
The hobgoblin hits you with a +0 club.
You take 2 damage, and have 43/45 hp.
You scratch the hobgoblin.
The hobgoblin hits you but does no damage.
You closely miss the hobgoblin.
A bat comes into view.
The hobgoblin hits you but does no damage.
You closely miss the hobgoblin. You closely miss the hobgoblin.
The hobgoblin hits you but does no damage.
Health restored: 45 You scratch the hobgoblin.
You kill the hobgoblin!
The bat hits you but does no damage.
You closely miss the bat. The bat hits you but does no damage.
The quokka zombie bites you but does no damage.
You barely miss the quokka zombie. The bat hits you but does no damage.
The quokka zombie misses you.
You closely miss the bat. The bat hits you but does no damage.
The quokka zombie bites you but does no damage.
You claw the quokka zombie!
You destroy the quokka zombie!
Your Unarmed Combat skill increases to level 5!
The bat hits you but does no damage. x2
You closely miss the bat. The bat hits you but does no damage.
You barely miss the bat. The bat closely misses you.
The bat hits you but does no damage.
You claw the bat!
You kill the bat!
No target in view!
No target in view!
You open the door.
There is an open door here.
A frilled lizard comes into view.
A frilled lizard is nearby!
A frilled lizard is nearby!
A frilled lizard is nearby!
A frilled lizard is nearby!
The frilled lizard hisses angrily.
You closely miss the frilled lizard. Your claw misses the frilled lizard.
The frilled lizard bites you.
You take 2 damage, and have 43/45 hp.
You claw the frilled lizard!
You kill the frilled lizard!
No target in view!
No target in view!
You now have 114 gold pieces (gained 6).
A giant cockroach comes into view.
Health restored: 45 A giant cockroach is nearby!
A giant cockroach is nearby!
A giant cockroach is nearby!
A giant cockroach is nearby!
The giant cockroach closely misses you.
You claw the giant cockroach!
You kill the giant cockroach!
No target in view!
No target in view!
You see here a giant cockroach corpse.
You see here a giant cockroach corpse.
You're in a travel-excluded area, stopping explore.
You're in a travel-excluded area, stopping explore.
You're in a travel-excluded area, stopping explore.
You're in a travel-excluded area, stopping explore.
You're in a travel-excluded area, stopping explore.
Unknown command.
You open the door.
There is an open translucent door here.
Crazy Yiuf shouts!
Crazy Yiuf completely misses you.
You barely miss Crazy Yiuf. You scratch Crazy Yiuf.
Crazy Yiuf hits you with a +3 quarterstaff of chaos!
You are poisoned.
You take 13 damage, and have 32/45 hp.
MASSIVE DAMAGE!!
You scratch Crazy Yiuf.
You feel sick.
Crazy Yiuf hits you with a +3 quarterstaff of chaos.
Crazy Yiuf burns you.
You take 5 damage, and have 27/45 hp.
You claw Crazy Yiuf!
You feel sick.
Crazy Yiuf hits you with a +3 quarterstaff of chaos!
* * * LOW HITPOINT WARNING * * *
You feel drained.
You take 15 damage, and have 12/45 hp.
MASSIVE DAMAGE!!
Okay, then.
You scratch Crazy Yiuf but do no damage.
You feel sick.
Crazy Yiuf hits you with a +3 quarterstaff of chaos.
* * * LOW HITPOINT WARNING * * *
You take 5 damage, and have 7/45 hp.
You closely miss Crazy Yiuf.
You feel sick.
Crazy Yiuf hits you with a +3 quarterstaff of chaos!
You die...

....##..# ######.####.....#
###.##..########.####.†...###+
....................'...)......
###.##..########.####..........
#.....# ### ##.........
######..# #.........
........#### ##### #.........
######.#...# #.g)# #.........
.......##### #.@.# #.........
######## #...# #........ # #.#
##'## # #.# ##.# # #.# #..#
#.## # #.# #..# ##.#
####.####..# #.## .....#.##..#
##.## .....#.##..# #..)##


You could see Crazy Yiuf.

Vanquished Creatures
  A hound skeleton (D:2)
  4 adders
  An ooze (D:1)
  4 dart slugs
  5 leopard geckos
  3 orcs (D:3)
  2 ball pythons
  2 giant cockroaches (D:3)
  7 goblins
  7 hobgoblins
  7 jackals (D:1)
  A quokka (D:2)
  3 bats
  2 frilled lizards
  7 kobolds
  A quokka zombie (D:3)
  3 rats
60 creatures vanquished.

Notes
Turn   | Place    | Note
-------+----------+-------------------------------------------
     0 | D:1      | drasked the Troll Monk began the quest for the Orb.
     0 | D:1      | Reached XP level 1. HP: 22/22 MP: 0/0
    97 | D:1      | Reached XP level 2. HP: 29/29 MP: 1/1
   328 | D:1      | Reached XP level 3. HP: 36/36 MP: 2/2
   445 | D:1      | Reached skill level 4 in Unarmed Combat
   805 | D:2      | Reached skill level 3 in Fighting
   838 | D:2      | Reached XP level 4. HP: 45/45 MP: 3/3
  1501 | D:3      | Reached skill level 5 in Unarmed Combat
  1588 | D:3      | Found a runed translucent door.
  1589 | D:3      | Noticed Crazy Yiuf
  1600 | D:3      | HP: 11/45 [poisoned by Crazy Yiuf]
  1601 | D:3      | Slain by Crazy Yiuf

Levels and vault maps discovered:
D:1:      dpeg_arrival_tiny_a, layout_basic
D:2:      layout_rooms
D:3:      layout_basic, uniq_crazy_yiuf_cottage

Skill      XL: |  1  2  3  4 |
---------------+-------------+-----
Unarmed Combat | 4 5 |  5.0
Fighting       | 3 |  3.3
Dodging        | |  2.4
Stealth        | |  1.0

Action                   |  1- 3 |  4- 6 || total
-------------------------+-------+-------++-------
Melee: Unarmed           |    86 |    67 ||   153
  Use: Scroll            |     4 |       ||     4
 Stab: Sleeping          |     4 |     2 ||     6
  Eat: Chunk             |    12 |     7 ||    19
Armor: Robe              |    36 |    31 ||    67
Dodge: Dodged            |    37 |    24 ||    61

Table legend:
 A = Non-vault XP
 B = Vault XP
 C = Vault XP percentage of total XP
 D = Non-vault monster count
 E = Vault monster count
 F = Vault count percentage of total count
                 A         B        C        D         E       F
            +---------+---------+-------+---------+---------+-------
      Total |     191 |       0 |   0.0 |      60 |       0 |   0.0
            +---------+---------+-------+---------+---------+-------
        D:1 |      72 |       0 |   0.0 |      32 |       0 |   0.0
        D:2 |      76 |       0 |   0.0 |      14 |       0 |   0.0
        D:3 |      43 |       0 |   0.0 |      14 |       0 |   0.0
            +---------+---------+-------+---------+---------+-------

Levels and vault maps discovered:
D:1:      dpeg_arrival_tiny_a, layout_basic
D:2:      layout_rooms
D:3:      layout_basic, uniq_crazy_yiuf_cottage

Table legend:
 A = Turns spent in this place as a percentage of turns spent in the entire game.
 B = Non-inter-level travel turns spent in this place as a percentage of non-inter-level travel turns spent in the entire game.
 C = Inter-level travel turns spent in this place as a percentage of turns spent in this place.
 D = Turns resting spent in this place as a percentage of non-inter-level travel turns spent in this place.
 E = Turns spent auto-exploring this place as a percentage of non-inter-level travel turns spent in this place.
 F = Non-inter-level travel turns spent in this place divided by the number of levels of this place that you've seen.
                   A       B       C       D       E      F
               +-------+-------+-------+-------+-------+----------------------
         Total | 100.0 | 100.0 |   1.5 |   1.2 |  69.6 | 525.7
       Dungeon | 100.0 | 100.0 |   1.5 |   1.2 |  69.6 | 525.7
               +-------+-------+-------+-------+-------+----------------------

Table legend:
 A = Kills in this place as a percentage of kills in entire the game.
 B = Kills by you in this place as a percentage of kills by you in the entire game.
 C = Kills by friends in this place as a percentage of kills by friends in the entire game.
 D = Other kills in this place as a percentage of other kills in the entire game.
 E = Experience gained in this place as a percentage of experience gained in the entire game.
 F = Experience gained in this place divided by the number of levels of this place that you have seen.
                   A       B       C       D       E      F
               +-------+-------+-------+-------+-------+----------------------
         Total | 100.0 | 100.0 |   N/A |   N/A | 100.0 |  63.7
       Dungeon | 100.0 | 100.0 |   N/A |   N/A | 100.0 |  63.7
               +-------+-------+-------+-------+-------+----------------------
